 Dungeon Crawl Stone Soup version 0.28-a0-247-gb8bfbab023 (webtiles) character file.

Game seed: 11239145754219319115

720 voltaire321 the Conjurer (level 7, -6/59 HPs)
             Began as a Grey Draconian Conjurer on Aug 25, 2021.
             Killed from afar by a steam dragon (14 damage)
             ... with a ball of steam
             ... on level 5 of the Dungeon.
             The game lasted 00:15:28 (5440 turns).

voltaire321 the Conjurer (Grey Draconian Conjurer)  Turns: 5440, Time: 00:15:29

Health: -6/59      AC: 13    Str:  9    XL:     7   Next: 42%
Magic:  5/13       EV: 12    Int: 21    God:
Gold:   174        SH:  5    Dex:  9    Spells: 8/14 levels left

rFire   . . .      SeeInvis .   g - +0 dagger
rCold   . . .      Faith    .   (no shield)
rNeg    . . .      Spirit   .   (armour unavailable)
rPois   .          Reflect  +   (helmet restricted)
rElec   .          Harm     .   b - +1 cloak
rCorr   .          Rampage  .   (no gloves)
Will    .....                   (no boots)
Stlth   ++........              i - amulet of reflection
HPRegen 0.19/turn               (no ring)
MPRegen 0.13/turn               (no ring)

@: no status effects
A: AC +11, amphibious, unfitting armour, cold-blooded
a: no special abilities


You were on level 5 of the Dungeon.
You visited 1 branch of the dungeon, and saw 5 of its levels.

You collected 174 gold pieces.

Inventory:

Hand Weapons
 g - a +0 dagger (weapon)
Armour
 b - a +1 cloak (worn)
Jewellery
 i - an amulet of reflection (around neck)
Wands
 k - a wand of polymorph (7)
Scrolls
 c - a scroll of teleportation
 f - 2 scrolls of identify
 j - a scroll of fear {unknown}
Potions
 a - 3 potions of resistance
 d - 3 potions of flight {unknown}
 e - 2 potions of magic {unknown}
 h - 2 potions of invisibility
 l - 2 potions of ambrosia {unknown}
 m - a potion of curing {unknown}


   Skills:
 + Level 4.1 Fighting
 + Level 4.0 Dodging
 - Level 1.7 Stealth
 + Level 4.1 Spellcasting
 + Level 5.7 Conjurations
 + Level 1.1 Earth Magic


You had 8 spell levels left.
You knew the following spells:

 Your Spells              Type           Power      Damage    Failure   Level
a - Magic Dart            Conj           100%       1d8       1%          1
b - Searing Ray           Conj           56%        3d5       1%          2
c - Stone Arrow           Conj/Erth      36%        3d9       9%          3

Your spell library contained the following spells:

 Spells                   Type           Power      Damage    Failure   Level
 Dazzling Flash           Conj/Hex       32%        N/A       11%         3
 Animate Skeleton         Necr           8%         N/A       12%         1
 Apportation              Tloc           8%         N/A       12%         1
 Beastly Appendage        Tmut           8%         N/A       12%         1
 Corona                   Hex            4%         N/A       12%         1
 Pain                     Necr           16%        1d4       12%         1
 Summon Small Mammal      Summ           16%        N/A       12%         1
 Wereblood                Tmut           4%         N/A       19%         2
 Spider Form              Tmut/Pois      2%         N/A       34%         3
 Vampiric Draining        Necr           2%         2d6       34%         3
 Fulminant Prism          Conj/Hex       8%         3d7       36%         4
 Iskenderun's Mystic Bla  Conj/Tloc      16%        2d5       36%         4
 Bolt of Magma            Conj/Fire/Erth 7%         4d6       77%         5
 Shatter                  Erth           4%         3d8*      100%        9


Dungeon Overview and Level Annotations

Branches:
Dungeon (5/15)
 Temple: D:4-7

Altars:
The Shining One

Shops:
D:2 [

Annotations:
D:3 3 runed translucent doors, porpoise's ghost, amateur OgWr


Innate Abilities, Weirdness & Mutations

Your dull iron-grey scales are very hard. (AC +11)
You are amphibious.
You cannot fit into any form of body armour.
You are cold-blooded and may be slowed by cold attacks.


Message History

The steam dragon is moderately wounded. (Press . to maintain the ray.)
The fungus is engulfed in a cloud of scalding steam.
A nearby fungus withers and dies.
The fungus is engulfed in a cloud of scalding steam.
The steam dragon closely misses you.
The steam dragon claws you but does no damage.
The searing ray hits the steam dragon!
The steam dragon is severely wounded.
A nearby fungus withers and dies.
The steam dragon barely misses you.
The steam dragon claws you but does no damage.
The searing ray hits the steam dragon!
You kill the steam dragon!
The steam dragon breathes steam at you. The ball of steam hits you!!
* * * LOW HITPOINT WARNING * * *
Your Fighting skill increases to level 4!
Your Dodging skill increases to level 4!
Your Spellcasting skill increases to level 4!
Your Earth Magic skill increases to level 1!
The fungus is engulfed in a cloud of scalding steam.
The fungus begins to die.
You block the steam dragon's attack. The steam dragon barely misses you.
You hit the steam dragon but do no damage.
The fungus is engulfed in a cloud of scalding steam.
The steam dragon closely misses you. x2
Casting: Searing Ray (safe; 1% risk of failure)
Confirm with . or Enter, or press ? or * to list all spells.
Aiming: Searing Ray (safe; 1% risk of failure)
Press: ? - help, Shift-Dir - straight line, f - steam dragon
Aim: a steam dragon (79% to hit)
The searing ray hits the steam dragon.
The steam dragon is lightly wounded. (Press . to maintain the ray.)
The steam dragon barely misses you. The steam dragon closely misses you.
The searing ray hits the steam dragon!
The steam dragon is heavily wounded.
The steam dragon breathes steam at you. The ball of steam hits you!
You die...

#### ##≈≈.# ## ##P.P≈.##
########≈
#P....≈.#########PPP.≈..≈
#P.......≈..P≈.P≈........
#P.....D@........^≈..≈≈≈.
#≈...P....P≈P#######.≈.≈
#P≈^≈.§####### #.###^≈
###.≈### #...### ###
#...... #...... #......
#...... #......


You could see a steam dragon (catching breath).

Vanquished Creatures
  A steam dragon (D:5)
  A sky beast (D:3)
  2 ogres (D:4)
  A water moccasin skeleton (D:4)
  An orc priest (D:5)
  2 iguanas
  Ijyb (D:3)
  An orc wizard (D:5)
  A hound skeleton (D:5)
  5 adders
  2 ufetubi (D:4)
  2 adder skeletons (D:4)
  A worm (D:4)
  A dart slug (D:2)
  5 orcs
  6 ball pythons
  13 bats
  3 endoplasms
  2 giant cockroaches (D:1)
  5 goblins
  4 hobgoblins
  8 jackals
  2 quokkas
  5 frilled lizards
  8 kobolds
  5 rats
88 creatures vanquished.

Vanquished Creatures (others)
  2 fungi (D:5)
2 creatures vanquished.

Grand Total: 90 creatures vanquished

Notes
Turn   | Place    | Note
-------+----------+-------------------------------------------
     0 | D:1      | voltaire321 the Draconian Conjurer began the quest for the
                  | Orb.
     0 | D:1      | Reached XP level 1. HP: 14/14 MP: 3/3
   306 | D:1      | Reached XP level 2. HP: 20/22 MP: 0/5
   681 | D:1      | Reached skill level 1 in Fighting
  1246 | D:2      | Reached XP level 3. HP: 28/28 MP: 3/6
  1339 | D:1      | Learned a level 2 spell: Searing Ray
  1692 | D:2      | Reached XP level 4. HP: 36/36 MP: 3/7
  2201 | D:2      | Found Depid's Antique Armour Emporium.
  2255 | D:2      | Found a faded altar of an unknown god.
  2796 | D:3      | Noticed Ijyb
  2932 | D:3      | Noticed a sky beast
  2938 | D:3      | Killed a sky beast
  2939 | D:3      | Reached XP level 5. HP: 22/42 MP: 1/9
  3619 | D:3      | Killed Ijyb
  3620 | D:3      | Reached skill level 5 in Conjurations
  3798 | D:3      | Found a runed translucent gate.
  3799 | D:3      | Found a runed translucent gate.
  3800 | D:3      | Found a runed translucent gate.
  3801 | D:3      | Noticed porpoise's ghost (amateur OgWr)
  3979 | D:4      | Noticed an ogre
  3986 | D:4      | Killed an ogre
  3987 | D:4      | Reached XP level 6. HP: 51/51 MP: 3/11
  4589 | D:4      | Found a glowing golden altar of the Shining One.
  4747 | D:4      | Your scales start taking on a dull iron-grey colour.
  4747 | D:4      | Reached XP level 7. HP: 58/58 MP: 7/12
  5277 | D:5      | Entered Level 5 of the Dungeon
  5403 | D:5      | Learned a level 3 spell: Stone Arrow
  5429 | D:5      | Noticed a steam dragon
  5431 | D:5      | Noticed a steam dragon
  5436 | D:5      | Killed a steam dragon
  5437 | D:5      | Reached skill level 1 in Earth Magic
  5440 | D:5      | Killed from afar by a steam dragon

Illustrated notes

Levels and vault maps discovered:
D:1:      dpeg_arrival_circle_labyrinth_a, layout_rooms,
          hangedman_feature_mirror, item_on_display_a
D:2:      cheibrodos_helix_gallery, layout_rooms, ebering_ecumenical_altar_hall,
          serial_aquarium, aquarium_bridge_straight [aquarium_subvault_bridge,
          aquarium_subvault_window, aquarium_subvault_bridge,
          aquarium_subvault_window], aquarium_bridge_square
          [aquarium_subvault_wall, aquarium_subvault_bridge,
          aquarium_subvault_bridge, aquarium_subvault_window],
          aquarium_window_1, aquarium_window_1, aquarium_window_corner,
          aquarium_window_1, aquarium_view_2c, aquarium_balcony_5b,
          serial_shops, shop
D:3:      layout_basic, ebering_ghost_rock_garden, minmay_misc_feat_columns,
          minmay_pentomino_pile, uniq_ijyb
D:4:      layout_loops_ring, nicolae_tso_carved_into_rock,
          corexii_hall_statues_l
D:5:      kennysheep_steamy, layout_gridville, kennysheep_mini_moat,
          minmay_temple_entry_statues_fountains, serial_shops, shop,
          nicolae_shop_behind_doors

Skill      XL: |  1  2  3  4  5  6  7 |
---------------+----------------------+-----
Dodging        | 2 3 4 |  4.0
Fighting       | 1 2 3 4 |  4.1
Spellcasting   | 3 4 |  4.1
Conjurations   | 5 |  5.7
Earth Magic    | 1 |  1.1
Stealth        | |  1.7

Action                   |  1- 3 |  4- 6 |  7- 9 || total
-------------------------+-------+-------+-------++-------
Melee: Unarmed           |    42 |       |       ||    42
       Dagger            |     3 |     5 |     1 ||     9
       Tailslap          |       |     1 |       ||     1
 Cast: Magic Dart        |    68 |    25 |     2 ||    95
       Searing Ray       |     4 |    31 |     6 ||    41
  Use: Scroll            |       |     7 |       ||     7
 Stab: Sleeping          |       |     2 |       ||     2
Armor: Skin              |    27 |     8 |     4 ||    39
Dodge: Dodged            |    39 |    13 |     8 ||    60
Block: Other             |       |     7 |     1 ||     8

Table legend: (Time is in decaauts)
 A = Elapsed time spent in this place.
 B = Non-inter-level travel time spent in this place.
 C = Inter-level travel time spent in this place.
 D = Time resting spent in this place.
 E = Time spent auto-exploring this place.
 F = Levels seen in this place.
 G = Mean time per level.
                   A        B        C        D        E       F      G
               +--------+--------+--------+--------+--------+-----+--------+
         Total |   5443 |   5375 |     68 |   2179 |   2205 |   5 | 1088.6 |
       Dungeon |   5443 |   5375 |     68 |   2179 |   2205 |   5 | 1088.6 |
               +--------+--------+--------+--------+--------+-----+--------+

Top non-repeatable levels by time:
     D:2: 1471 daAuts
     D:4: 1317 daAuts
     D:3: 1259 daAuts
     D:1: 1232 daAuts
     D:5: 162 daAuts
